TOP OF THE 1ST |
Minnesota Twins batting - Pitching for Milwaukee Brewers : RHP Cody Autry
|
Pitching: RHP Cody Autry
|
|
Batting: RHB Blake Ballard
|
0-0: Fly out, F9 (Line Drive, 9, EV 95.6 MPH)
|
Batting: LHB Joel Kunkler
|
0-0: Ground out U3 (Groundball, 34, EV 84.4 MPH)
|
Batting: RHB Hildo Pot
|
0-0: SINGLE (Groundball, 56, EV 91.2 MPH) (infield hit)
|
Batting: RHB Matthew Starr
|
0-0: Called Strike 0-1: Ball 1-1: Ball 2-1: Ground out 2-3 (Groundball, 2L, EV 64.4 MPH)
|
Top of the 1st over - 0 runs, 1 hit, 0 errors, 1 left on base; Minnesota 0 - Milwaukee 0 |
BOTTOM OF THE 1ST |
Milwaukee Brewers batting - Pitching for Minnesota Twins : LHP Danny Lawson
|
Pitching: LHP Danny Lawson
|
|
Batting: SHB Jamel Wright
|
0-0: Ball 1-0: Ball 2-0: Ball 3-0: Called Strike 3-1: Foul Ball, location: 2F 3-2: Base on Balls
|
Batting: RHB Adrian Rudkilde
|
0-0: Called Strike 0-1: Called Strike 0-2: Strikes out swinging Jamel Wright steals 2nd base Batter strikes out.
|
Batting: RHB Bobby Muniz
|
0-0: Called Strike 0-1: Swinging Strike 0-2: Ball 1-2: Foul Ball, location: 2F 1-2: Ball 2-2: Ball 3-2: Fly out, F8 (Flyball, 8RM, EV 86.2 MPH)
|
Batting: SHB Jason Woods
|
0-0: Ball 1-0: Called Strike 1-1: Foul Ball, location: 2F 1-2: Ball 2-2: Foul Ball, location: 2F 2-2: SINGLE (Flyball, 56D, EV 93.8 MPH) Jamel Wright to third Runner from 3rd tries for Home, throw by LF and OUT! 7-2
|
Bottom of the 1st over - 0 runs, 1 hit, 0 errors, 1 left on base; Minnesota 0 - Milwaukee 0 |
TOP OF THE 2ND |
Minnesota Twins batting - Pitching for Milwaukee Brewers : RHP Cody Autry
|
Batting: RHB Danny Miramontes
|
0-0: Foul Ball, location: 2F 0-1: Called Strike 0-2: Ball 1-2: DOUBLE (Line Drive, 89M, EV 98.1 MPH)
|
Batting: RHB Jesse Scott
|
0-0: Fly out, F9 (Flyball, 9LM, EV 88.8 MPH)
|
Batting: RHB Yonetoshi Muranaka
|
0-0: SINGLE (Groundball, 6MS, EV 71.2 MPH) (infield hit) Danny Miramontes to third
|
Batting: RHB Jimmy Buzard
|
0-0: Ball Yonetoshi Muranaka steals 2nd base (no throw) 1-0: Ball 2-0: Ball 3-0: Base on Balls
|
Batting: RHB José Molina
|
0-0: Called Strike 0-1: Foul Ball, location: 2F 0-2: Strikes out swinging
|
Batting: RHB Blake Ballard
|
0-0: Fly out, F8 (Flyball, 8RS, EV 74.4 MPH)
|
Top of the 2nd over - 0 runs, 2 hits, 0 errors, 3 left on base; Minnesota 0 - Milwaukee 0 |
BOTTOM OF THE 2ND |
Milwaukee Brewers batting - Pitching for Minnesota Twins : LHP Danny Lawson
|
Batting: RHB Akitada Nishizawa
|
0-0: Ball 1-0: Called Strike 1-1: Called Strike 1-2: Strikes out looking
|
Batting: RHB Kisho Ito
|
0-0: Ball 1-0: Ball 2-0: Called Strike 2-1: Swinging Strike 2-2: SINGLE (Groundball, 56S, EV 72.5 MPH) (infield hit)
|
Batting: RHB Noah Stanley
|
0-0: Foul Ball, location: 2F 0-1: Called Strike 0-2: Ball Kisho Ito steals 2nd base 1-2: Foul Ball, location: 2F 1-2: Ball 2-2: Ball 3-2: Ground out 6-3 (Groundball, 6, EV 98.1 MPH)
|
Batting: RHB Daniel Donovan
|
0-0: Ball 1-0: Called Strike 1-1: Foul Ball, location: 2F 1-2: Ball 2-2: Ground out 6-3 (Groundball, 6D, EV 103.8 MPH)
|
Bottom of the 2nd over - 0 runs, 1 hit, 0 errors, 1 left on base; Minnesota 0 - Milwaukee 0 |
TOP OF THE 3RD |
Minnesota Twins batting - Pitching for Milwaukee Brewers : RHP Cody Autry
|
Batting: LHB Joel Kunkler
|
0-0: Ball 1-0: Foul Ball, location: 2F 1-1: Ball 2-1: Ground out 3-1 (Groundball, 34, EV 103.8 MPH)
|
Batting: RHB Hildo Pot
|
0-0: Called Strike 0-1: Ball 1-1: Ball 2-1: Ball 3-1: Fly out, F7 (Flyball, 8LS, EV 89.4 MPH)
|
Batting: RHB Matthew Starr
|
0-0: Ball 1-0: Fly out, F9 (Flyball, 9, EV 87.5 MPH)
|
Top of the 3rd over - 0 runs, 0 hits, 0 errors, 0 left on base; Minnesota 0 - Milwaukee 0 |
BOTTOM OF THE 3RD |
Milwaukee Brewers batting - Pitching for Minnesota Twins : LHP Danny Lawson
|
Batting: SHB Jean-François Bernard
|
0-0: Called Strike 0-1: Foul Ball, location: 2F 0-2: Strikes out swinging
|
Batting: SHB Jamel Wright
|
0-0: Ball 1-0: Foul Ball, location: 2F 1-1: Ball 2-1: Ground out 4-3 (Groundball, 4, EV 83.8 MPH)
|
Batting: RHB Adrian Rudkilde
|
0-0: Called Strike 0-1: Swinging Strike 0-2: Strikes out looking
|
Bottom of the 3rd over - 0 runs, 0 hits, 0 errors, 0 left on base; Minnesota 0 - Milwaukee 0 |
TOP OF THE 4TH |
Minnesota Twins batting - Pitching for Milwaukee Brewers : RHP Cody Autry
|
Batting: RHB Danny Miramontes
|
0-0: Called Strike 0-1: Ground out 4-3 (Groundball, 4, EV 81.2 MPH)
|
Batting: RHB Jesse Scott
|
0-0: Ball 1-0: Called Strike 1-1: Called Strike 1-2: Ball 2-2: Ground out 5-3 (Groundball, 56, EV 105.6 MPH)
|
Batting: RHB Yonetoshi Muranaka
|
0-0: Ground out 5-3 (Groundball, 5S, EV 64.4 MPH)
|
Top of the 4th over - 0 runs, 0 hits, 0 errors, 0 left on base; Minnesota 0 - Milwaukee 0 |
BOTTOM OF THE 4TH |
Milwaukee Brewers batting - Pitching for Minnesota Twins : LHP Danny Lawson
|
Batting: RHB Bobby Muniz
|
0-0: Called Strike 0-1: Swinging Strike 0-2: Strikes out swinging
|
Batting: SHB Jason Woods
|
0-0: Ball 1-0: Ground out 6-3 (Groundball, 56D, EV 101.2 MPH)
|
Batting: RHB Akitada Nishizawa
|
0-0: Ball 1-0: Ball 2-0: Ball 3-0: Base on Balls
|
Batting: RHB Kisho Ito
|
0-0: Ball 1-0: Called Strike 1-1: Ball 2-1: Ground out 4-3 (Groundball, 13, EV 87.5 MPH)
|
Bottom of the 4th over - 0 runs, 0 hits, 0 errors, 1 left on base; Minnesota 0 - Milwaukee 0 |
TOP OF THE 5TH |
Minnesota Twins batting - Pitching for Milwaukee Brewers : RHP Cody Autry
|
Batting: RHB Jimmy Buzard
|
0-0: Called Strike 0-1: Called Strike 0-2: Strikes out swinging
|
Batting: RHB José Molina
|
0-0: Fly out, F9 (Flyball, 9LM, EV 80.0 MPH)
|
Batting: RHB Blake Ballard
|
0-0: Ball 1-0: Foul Ball, location: 2F 1-1: Foul Ball, location: 2F 1-2: Ball 2-2: Fly out, F8 (Flyball, 8RD, EV 89.4 MPH)
|
Top of the 5th over - 0 runs, 0 hits, 0 errors, 0 left on base; Minnesota 0 - Milwaukee 0 |
BOTTOM OF THE 5TH |
Milwaukee Brewers batting - Pitching for Minnesota Twins : LHP Danny Lawson
|
Batting: RHB Noah Stanley
|
0-0: Called Strike 0-1: Ground out U3 (Groundball, 34, EV 89.4 MPH)
|
Batting: RHB Daniel Donovan
|
0-0: Called Strike 0-1: Ground out 6-3 (Groundball, 6D, EV 105.6 MPH)
|
Batting: SHB Jean-François Bernard
|
0-0: Ball 1-0: Foul Ball, location: 2F 1-1: Ground out 5-3 (Groundball, 56S, EV 91.2 MPH)
|
Bottom of the 5th over - 0 runs, 0 hits, 0 errors, 0 left on base; Minnesota 0 - Milwaukee 0 |
TOP OF THE 6TH |
Minnesota Twins batting - Pitching for Milwaukee Brewers : RHP Cody Autry
|
Batting: LHB Joel Kunkler
|
0-0: Ball 1-0: Ball 2-0: Ball 3-0: Called Strike 3-1: Called Strike 3-2: Ground out 4-3 (Groundball, 4, EV 106.2 MPH)
|
Batting: RHB Hildo Pot
|
0-0: Ground out 4-3 (Groundball, 4, EV 86.9 MPH)
|
Batting: RHB Matthew Starr
|
0-0: Called Strike 0-1: Ball 1-1: Called Strike 1-2: Strikes out swinging
|
Top of the 6th over - 0 runs, 0 hits, 0 errors, 0 left on base; Minnesota 0 - Milwaukee 0 |
BOTTOM OF THE 6TH |
Milwaukee Brewers batting - Pitching for Minnesota Twins : LHP Danny Lawson
|
Batting: SHB Jamel Wright
|
0-0: Ball 1-0: Fly out, F9 (Flyball, 9D, EV 89.4 MPH)
|
Batting: RHB Adrian Rudkilde
|
0-0: Called Strike 0-1: Foul Ball, location: 2F 0-2: Ball 1-2: Strikes out swinging
|
Batting: RHB Bobby Muniz
|
0-0: Foul Ball, location: 2F 0-1: Ball 1-1: Foul Ball, location: 2F 1-2: Ball 2-2: SINGLE (Flyball, 4MD, EV 84.4 MPH)
|
Batting: SHB Jason Woods
|
0-0: Foul Ball, location: 2F 0-1: Ball 1-1: Called Strike 1-2: Foul Ball, location: 2F 1-2: Foul Ball, location: 2F 1-2: Fielders Choice at 2nd, U4 (Groundball, 4M, EV 85.0 MPH)
|
Bottom of the 6th over - 0 runs, 1 hit, 0 errors, 1 left on base; Minnesota 0 - Milwaukee 0 |
TOP OF THE 7TH |
Minnesota Twins batting - Pitching for Milwaukee Brewers : RHP Cody Autry
|
Batting: RHB Danny Miramontes
|
0-0: Foul Ball, location: 2F 0-1: Foul Ball, location: 2F 0-2: Ball 1-2: Ball 2-2: SINGLE (Groundball, 4D, EV 103.8 MPH)
|
Batting: RHB Jesse Scott
|
0-0: Ball 1-0: Sac Bunt to 2R - play at first, batter OUT! 2-4 Danny Miramontes to second
|
Batting: RHB Yonetoshi Muranaka
|
0-0: Foul Ball, location: 2F 0-1: Foul Ball, location: 2F 0-2: Foul Ball, location: 2F 0-2: Foul Ball, location: 2F 0-2: Ground out 5-3 (Groundball, 56, EV 90.6 MPH)
|
Batting: RHB Jimmy Buzard
|
0-0: Ball 1-0: Called Strike 1-1: Foul Ball, location: 2F 1-2: Ground out 6-3 (Groundball, 6, EV 100.0 MPH)
|
Top of the 7th over - 0 runs, 1 hit, 0 errors, 1 left on base; Minnesota 0 - Milwaukee 0 |
BOTTOM OF THE 7TH |
Milwaukee Brewers batting - Pitching for Minnesota Twins : LHP Danny Lawson
|
Batting: RHB Akitada Nishizawa
|
0-0: Foul Ball, location: 2F 0-1: Fly out, F9 (Line Drive, 9, EV 104.4 MPH)
|
Batting: RHB Kisho Ito
|
0-0: Fly out, F3 (Line Drive, 3, EV 64.4 MPH)
|
Batting: RHB Noah Stanley
|
0-0: Ball 1-0: Foul Ball, location: 2F 1-1: Ball 2-1: Foul Ball, location: 2F 2-2: Strikes out swinging
|
Bottom of the 7th over - 0 runs, 0 hits, 0 errors, 0 left on base; Minnesota 0 - Milwaukee 0 |
TOP OF THE 8TH |
Minnesota Twins batting - Pitching for Milwaukee Brewers : RHP Cody Autry
|
Batting: RHB José Molina
|
0-0: Foul Ball, location: 2F 0-1: Called Strike 0-2: Ball 1-2: Ball 2-2: Foul Ball, location: 2F 2-2: Ground out 6-3 (Groundball, 6, EV 85.0 MPH)
|
Batting: RHB Blake Ballard
|
0-0: Swinging Strike 0-1: Foul Ball, location: 2F 0-2: Fly out, F8 (Flyball, 89D, EV 106.2 MPH)
|
Batting: LHB Joel Kunkler
|
0-0: Swinging Strike 0-1: Fly out, F9 (Flyball, 89S, EV 88.8 MPH)
|
Top of the 8th over - 0 runs, 0 hits, 0 errors, 0 left on base; Minnesota 0 - Milwaukee 0 |
BOTTOM OF THE 8TH |
Milwaukee Brewers batting - Pitching for Minnesota Twins : LHP Danny Lawson
|
Batting: RHB Daniel Donovan
|
0-0: Ball 1-0: Called Strike 1-1: Swinging Strike 1-2: SINGLE (Line Drive, 7LS, EV 108.1 MPH)
|
Batting: SHB Jean-François Bernard
|
0-0: Ball 1-0: Grounds into double play, 6-4-3 (Groundball, 6, EV 78.8 MPH)
|
Batting: SHB Jamel Wright
|
0-0: Ball 1-0: SINGLE (Groundball, 34D, EV 103.8 MPH)
|
Batting: RHB Adrian Rudkilde
|
0-0: Swinging Strike 0-1: Called Strike 0-2: Ball 1-2: SINGLE (Line Drive, 9S, EV 95.0 MPH) Jamel Wright to second Runner from 2nd tries for 3rd, SAFE, throw by RF made to third
|
Batting: RHB Bobby Muniz
|
0-0: Ball 1-0: Fly out, F9 (Flyball, 9LM, EV 98.8 MPH)
|
Bottom of the 8th over - 0 runs, 3 hits, 0 errors, 2 left on base; Minnesota 0 - Milwaukee 0 |
TOP OF THE 9TH |
Minnesota Twins batting - Pitching for Milwaukee Brewers : RHP Cody Autry
|
Pitching: RHP John York
|
|
Batting: RHB Hildo Pot
|
0-0: Called Strike 0-1: DOUBLE (Line Drive, 7LM, EV 100.0 MPH)
|
Batting: RHB Matthew Starr
|
0-0: Foul Ball, location: 2F 0-1: Swinging Strike 0-2: Foul Ball, location: 2F 0-2: Foul Ball, location: 2F 0-2: Foul Ball, location: 2F 0-2: Ball 1-2: SINGLE (Line Drive, 5D, EV 104.4 MPH) Hildo Pot to third Runner from 3rd tries for Home, SAFE, throw by LF to home
|
Batting: RHB Danny Miramontes
|
0-0: Ball 1-0: Ball 2-0: Ball 3-0: Called Strike 3-1: Called Strike 3-2: Grounds into double play, 6-4-3 (Groundball, 6, EV 99.4 MPH)
|
Batting: RHB Jesse Scott
|
0-0: Foul Ball, location: 2F 0-1: Foul Ball, location: 2F 0-2: Ball 1-2: Foul Ball, location: 2F 1-2: Ground out 6-3 (Groundball, 56, EV 85.0 MPH)
|
Top of the 9th over - 1 run, 2 hits, 0 errors, 0 left on base; Minnesota 1 - Milwaukee 0 |
BOTTOM OF THE 9TH |
Milwaukee Brewers batting - Pitching for Minnesota Twins : LHP Danny Lawson
|
Now at 1B: Yonetoshi Muranaka
|
|
Now at 2B: Brett Steele
|
|
Now in LF: Väinö Tapaninen
|
|
Batting: SHB Jason Woods
|
0-0: Ball 1-0: Ball 2-0: Ball 3-0: Base on Balls
|
Batting: RHB Akitada Nishizawa
|
0-0: Ball 1-0: Ball 2-0: Called Strike 2-1: Ball 3-1: Fly out, F6 (Popup, 6MS, EV 88.1 MPH)
|
Pitching: RHP Bill Rondeau
|
|
Pinch Hitting: SHB Lewis Thorpe Jr.
|
0-0: Ball 1-0: Ball 2-0: Called Strike 2-1: Ball 3-1: Base on Balls Jason Woods to second
|
Batting: RHB Noah Stanley
|
0-0: Ball 1-0: Ball 2-0: Fly out, F9 (Flyball, 9, EV 95.6 MPH)
|
Batting: RHB Daniel Donovan
|
0-0: Called Strike 0-1: Ball 1-1: Ball 2-1: Ground out 6-3 (Groundball, 56D, EV 103.1 MPH)
|
Bottom of the 9th over - 0 runs, 0 hits, 0 errors, 2 left on base; Minnesota 1 - Milwaukee 0 |
|